 Dungeon Crawl Stone Soup version 0.18-a0-943-g2c08dd4 (webtiles) character file.

647 M4edhros the Sneak (level 7, -1/43 HPs)
             Began as an Octopode Artificer on Dec 29, 2015.
             Was a Follower of Fedhas.
             Slain by a sixfirhy (8 damage)
             ... summoned by the capriciousness of Xom
             ... on level 5 of the Dungeon.
             The game lasted 00:08:17 (3889 turns).

M4edhros the Sneak (Octopode Artificer)             Turns: 3889, Time: 00:08:19

Health: -1/43      AC: 11    Str:  6 (7)  XL:     7   Next: 52%
Magic:  10/10      EV: 11    Int: 13 (14) God:    Fedhas [*.....]
Gold:   261        SH:  8    Dex: 11      Spells: 0 memorised, 6 levels left

rFire  . . .     SeeInvis .     s - +2 dagger (protect)
rCold  . . .     Gourm    .     f - +2 shield
rNeg   . . .     Faith    .     (helmet restricted)
rPois  .         Spirit   .     y - amulet of dismissal
rElec  .         Dismiss  +     o - ring of flight
rCorr  .         Reflect  .     (no ring)
SustAt .         Harm     .     (no ring)
MR     .....                    (no ring)
Stlth  +++++.....               (no ring)
                                (no ring)
                                (no ring)
                                (no ring)

@: not resistant to hostile enchantments, quite stealthy
A: almost no armour, amphibious, 8 rings, constrict 8, icy blue scales 1, rough
black scales 1, camouflage 1, blurry vision 1, deterioration 1, dopey 1, weak 2,
gelatinous body 1
a: Evolution, Renounce Religion, Evoke Flight


You were on level 5 of the Dungeon.
You worshipped Fedhas.
Fedhas was aware of your devotion.
You were very hungry.

You visited 2 branches of the dungeon, and saw 6 of its levels.

You collected 261 gold pieces.

Inventory:

Hand Weapons
 a - a +0 short sword
 h - a +2 whip of electrocution
 p - a +0 hunting sling
 s - a +2 dagger of protection (weapon)
Missiles
 g - 159 stones (quivered)
Armour
 f - a +2 shield (worn)
Jewellery
 o - a ring of flight (left tentacle)
 y - an amulet of dismissal (around mantle)
Wands
 b - a wand of flame (12/48)
 c - a wand of enslavement (8/24)
 d - a wand of random effects (10/48)
 k - a wand of random effects (26/48)
Scrolls
 e - 2 scrolls of remove curse {unknown}
 i - 2 scrolls of identify
 w - 2 scrolls of noise {unknown}
 x - a scroll of enchant weapon {unknown}
 C - a scroll of blinking
Potions
 j - 3 potions of flight {unknown}
 l - a potion of heal wounds
 r - a potion of might {unknown}
 t - a potion of poison {unknown}
 v - 3 potions of curing {unknown}
 z - a potion of cancellation {unknown}
 A - a potion of brilliance {unknown}
 B - a potion of agility {unknown}
Comestibles
 n - a slice of pizza
 q - a beef jerky
 u - 2 meat rations
 D - 7 fruits


   Skills:
 - Level 1.0 Fighting
 - Level 1.0 Short Blades
 * Level 0.0 Slings
 * Level 5.1 Dodging
 * Level 7.0 Stealth
 * Level 1.5 Shields
 + Level 1.0 Invocations
 + Level 4.9 Evocations


You had 6 spell levels left.
You didn't know any spells.

Dungeon Overview and Level Annotations

Branches:
Dungeon (5/15)             Temple (1/1) D:4

Altars:
Cheibriados
Dithmenos
Elyvilon
Fedhas
Gozag
Nemelex Xobeh
Okawaru
Pakellas
Sif Muna
Trog
Xom
Yredelemnul
The Shining One

Shops:
D:4 =*?


Innate Abilities, Weirdness & Mutations

You cannot wear most types of armour.
You are amphibious.
You can wear up to eight rings at the same time.
You can use your tentacles to constrict eight enemies at once.
Your skin changes colour to match your surroundings (Stealth).
Your rubbery body absorbs attacks (AC +1).
You are partially covered in icy blue scales (AC +1).
You are partially covered in rough black scales (AC +4, Dex -1).
Scrolls take you a little longer to read.
Your body sometimes deteriorates upon taking damage.
You are dopey. (Int -2)
You are very weak. (Str -4)


Message History

Read which item? (? for menu, Esc to quit)
Really read with blurry vision while enemies are nearby?
You begin reading the scroll.
You continue reading the scroll.
The sixfirhy misses you. The sixfirhy hits you. The sixfirhy shocks you!
Your body deteriorates!
You feel weakened. The sixfirhy barely misses you.
You block the sixfirhy's attack.
As you read the scroll labeled JOUT ESULUT, it crumbles to dust.
It is a scroll of identify.
Identify which item? (\ to view known items) (? for menu, Esc to quit)
C - a scroll of blinking Wield which item (- for none, * to show all)? (? for menu, Esc to quit)
Your +2 whip of electrocution stops crackling.
You feel protected!
s - a +2 dagger of protection (weapon)
The sixfirhy hits you. The sixfirhy shocks you!
* * * LOW HITPOINT WARNING * * *
The sixfirhy hits you!
You die... "What!?
That's it?"
Fedhas appreciates your contribution to the ecosystem.

######## .......# .#####.#
######### . #.# #.......#
.#####.##########.#####.#####
.#.....>.......##.##........#
.#.###.##..###.##.##.##.###.#
.#.###.##............##4# #.#
.......##.##....@4#####f###.#
###.#####.###...#.# #.#...#
#.# #.####.##.#####.#.### #.#
#......##.......#.# #.#
######.##########.# #.# ##'##
#.# ##.#########...## #.#
#........##.....## ##.#
#...####.#.......## ##..#


You could see a sixfirhy.

Vanquished Creatures
  Grinder (D:3)
  The ghost of Yawgmoth the Digger, an amateur GrEE (D:3)
  An ogre (D:3)
  A crimson imp (D:4)
  2 orc priests (D:4)
  A hound (D:4)
  Terence (D:2)
  An orc wizard (D:4)
  A worker ant (D:4)
  5 adders
  A gnoll (D:4)
  2 oozes
  A worm (D:2)
  8 orcs
  6 bats
  5 giant cockroaches
  6 goblins
  6 hobgoblins
  7 jackals
  2 quokkas
  A giant gecko (D:1)
  A giant gecko skeleton (D:4)
  7 giant newts
  4 kobolds
  A quokka skeleton (D:4)
  2 rats
75 creatures vanquished.

Vanquished Creatures (collateral kills)
  An adder (D:3)
  A worm (D:3)
  An orc (D:4)
  A giant cockroach (D:3)
  2 goblins
  A jackal (D:4)
7 creatures vanquished.

Vanquished Creatures (others)
  A wandering mushroom (D:5)
  34 toadstools
35 creatures vanquished.

Grand Total: 117 creatures vanquished

Notes
Turn   | Place    | Note
--------------------------------------------------------------
     0 | D:1      | M4edhros the Octopode Artificer began the quest for the Orb.
     0 | D:1      | Reached XP level 1. HP: 13/13 MP: 3/3
   281 | D:2      | Reached XP level 2. HP: 12/18 MP: 4/4
   351 | D:2      | Noticed Terence
   357 | D:2      | Killed Terence
   357 | D:2      | Reached XP level 3. HP: 16/23 MP: 5/5
   596 | D:3      | Noticed Grinder
   682 | D:3      | Noticed Yawgmoth's ghost (amateur GrEE)
   866 | D:4      | Reached skill level 4 in Stealth
   866 | D:4      | Reached XP level 4. HP: 24/28 MP: 6/6
   898 | D:4      | Reached XP level 5. HP: 28/33 MP: 7/7
   957 | D:4      | Found a deep blue altar of Sif Muna.
   962 | D:4      | Found a glowing golden altar of the Shining One.
   966 | D:4      | Found a shimmering altar of Xom.
   979 | D:4      | Became a worshipper of Xom the Psychopath
  1044 | D:4      | Found Irymas's Magic Scroll Emporium.
  1057 | D:4      | XOM: potion effect (invisibility)
  1059 | D:4      | Reached skill level 5 in Stealth
  1175 | D:4      | Found Lutuironoji's Assorted Antiques.
  1179 | D:4      | Found Fubb's Jewellery Emporium.
  1248 | D:4      | Found a staircase to the Ecumenical Temple.
  1255 | Temple   | Entered the Ecumenical Temple
  1263 | Temple   | Fell from the grace of Xom
  1263 | Temple   | Became a worshipper of Fedhas Madash
  1319 | D:4      | Reached XP level 6. HP: 38/38 MP: 9/9
  1561 | D:3      | Found an iron altar of Okawaru.
  1602 | D:3      | Killed Yawgmoth's ghost
  1602 | D:3      | Reached skill level 6 in Stealth
  1627 | D:3      | Reached XP level 7. HP: 21/43 MP: 10/10
  1705 | D:3      | XOM: give mutations
  1705 | D:3      | Gained mutation: You are partially covered in icy blue scales (AC +1). [Xom's mischief]
  1705 | D:3      | Gained mutation: Scrolls take you a little longer to read. [Xom's mischief]
  1953 | D:3      | Found an opulent altar of Gozag.
  1985 | D:3      | XOM: severe Divn miscast
  2032 | D:3      | XOM: give mutations
  2032 | D:3      | Gained mutation: You are weak. (Str -2) [Xom's mischief]
  2032 | D:3      | Gained mutation: You are dopey. (Int -2) [Xom's mischief]
  2032 | D:3      | Gained mutation: You are very weak. (Str -4) [Xom's mischief]
  2094 | D:2      | Reached * piety under Fedhas
  2210 | D:2      | Found a basalt altar of Yredelemnul.
  2266 | D:2      | XOM: summons 3 hostile shadow creatures
  2683 | D:1      | XOM: summons 11 hostile demons
  3050 | D:1      | XOM: noise
  3099 | D:1      | XOM: medium Trmt miscast
  3234 | D:3      | Killed Grinder
  3234 | D:3      | Reached skill level 5 in Dodging
  3234 | D:3      | Reached skill level 7 in Stealth
  3234 | D:3      | Reached skill level 1 in Shields
  3234 | D:3      | Reached skill level 1 in Invocations
  3480 | D:4      | XOM: give mutations
  3480 | D:4      | Gained mutation: Your body sometimes deteriorates upon taking damage. [Xom's mischief]
  3480 | D:4      | Gained mutation: You are partially covered in rough black scales (AC +4, Dex -1). [Xom's mischief]
  3607 | D:5      | Entered Level 5 of the Dungeon
  3875 | D:5      | XOM: medium Summ miscast
  3876 | D:5      | Noticed a sixfirhy
  3889 | D:5      | Slain by a sixfirhy

Vault maps used:
D:1:      dpeg_arrival_pond
D:2:      lemuel_coloured_pillars_altar, first_bread, uniq_terence
D:3:      nicolae_gozag_cash_rules_everything_around_me,
          okawaru_metal_pillars_1_2, uniq_grinder
D:4:      grunt_temple_overflow_open, temple_green, serial_shops,
          nicolae_shop_trees, shop, nicolae_shop_waterfront
D:5:      portal_sewer_entry_d, basic_altar, minivault_24
Temple:   circular_temple_12

Action                   |  1- 3 |  4- 6 |  7- 9 || total
-------------------------+-------+-------+-------++-------
Melee: Short sword       |    37 |    16 |       ||    53
       Whip              |       |    27 |    88 ||   115
Invok: Evolution         |       |       |     1 ||     1
Evoke: Wand              |     6 |     7 |     2 ||    15
  Use: Potion            |     2 |     1 |     1 ||     4
       Scroll            |       |       |     2 ||     2
 Stab: Sleeping          |     3 |     4 |    15 ||    22
       Confused          |       |       |     1 ||     1
  Eat: Bread ration      |       |     1 |     1 ||     2
